[Event "XIII Marques de Pombal 2022"]
[Site "Pombal"]
[Date "2022.10.07"]
[Round "5.2"]
[White "Alves, Fernando Pereira Rib"]
[Black "Padeiro, Jose Joao Tato"]
[Result "0-1"]
[ECO "B00"]
[WhiteElo "1526"]
[BlackElo "2215"]
[Annotator "TA"]
[PlyCount "56"]
[EventDate "2022.09.28"]
[EventType "swiss"]
[EventCountry "POR"]
[SourceTitle "playchess.com"]
[Source "ChessBase"]
[SourceQuality "1"]
[TimeControl "5400+30"]

1. e4 Nc6 2. d4 d6 3. Be3 e5 4. d5 Nce7 5. Nc3 Nf6 6. Be2 {[%emt 0:04:47] [#] B00: Queen's Fianchetto Defence, Nimzowitsch Defence.} c6 $146 ({Predecessor:} 6... g6 7. Qd2 h5 8. O-O-O Bg7 9. Kb1 a6 10. f3 h4 11. Bg5 Nd7 12. Nh3 f6 {1-0 (82) Priyadharshan,K (2527)-Drozdowski,K (2511) Chess.com INT 2017}) 7. Kf1 (7. Bg5 $11 {remains equal.}) 7... cxd5 $17 8. exd5 {[%emt 0:00:29] Black is better.} Nf5 9. Bg5 Be7 10. Bxf6 Bxf6 11. Ne4 O-O 12. Nf3 Be7 13. Rg1 (13. c4 $142) 13... g6 ({Better is} 13... Nh6 $17 14. c4 f5) 14. Qd2 $15 ({Much worse is} 14. g4 Nh4 15. Nfd2 Kh8 $17) 14... Ng7 (14... Nh4 $17 {Threatens to win with ...f5.} 15. Qh6 Nxf3 16. gxf3 Bf5) 15. Nxe5 $2 {[%emt 0:09:02][%mdl 8192] [#] This move loses the game for White.} dxe5 16. d6 Bh4 17. g3 Bh3+ 18. Ke1 Bf6 19. g4 Ne6 20. g5 Bg7 21. Rg3 Bf5 {[%emt 0:00:14] Black is clearly winning.} 22. f3 Bxe4 23. fxe4 Qb6 24. c3 Rad8 25. Rd1 Rd7 26. Bf1 Rfd8 27. Rd3 Nf4 28. Bh3 Nxd3+ {[%emt 0:00:52] Weighted Error Value: White=0.88/Black=0.13 (very precise)} 0-1

[Event "XIII Marques de Pombal 2022"]
[Site "Pombal"]
[Date "2022.10.07"]
[Round "5.3"]
[White "Povshednyi, Ivan"]
[Black "Almeida, Joao Pedro Dias"]
[Result "1/2-1/2"]
[ECO "D79"]
[WhiteElo "2140"]
[BlackElo "1901"]
[Annotator "TA"]
[PlyCount "89"]
[EventDate "2022.09.28"]
[EventType "swiss"]
[EventCountry "POR"]
[SourceTitle "playchess.com"]
[Source "ChessBase"]
[SourceQuality "1"]
[TimeControl "5400+30"]

1. Nf3 d5 2. g3 Nf6 3. Bg2 g6 4. d4 Bg7 5. c4 c6 6. cxd5 cxd5 7. O-O O-O 8. Ne5 Nc6 9. Nc3 Bf5 10. Nxc6 bxc6 11. Na4 Nd7 12. Bf4 {[%emt 0:03:40] D79: Fianchetto Grünfeld: Symmetrical Variation (6 0-0 c6 7 cxd5 cxd5).} e5 13. dxe5 Nxe5 14. Rc1 Rc8 15. b3 Qe7 16. Qd2 {[%emt 0:02:13] [#]} Rfd8 $146 ({Predecessor:} 16... Rfe8 17. Rfe1 Nd7 18. Be3 Nf6 19. Bc5 Qd7 20. Qa5 Rc7 21. Bd4 Bh3 22. Bxh3 Qxh3 23. Bxf6 {1-0 (23) Azaladze,S (2482)-Benidze,D (2479) Teheran 2014}) 17. Bg5 f6 18. Be3 d4 (18... Nf7 $14) 19. Bxd4 $16 Nd3 20. exd3 Rxd4 21. Rfe1 (21. Nc5 $16) 21... Qd6 (21... Rxd3 $14 22. Qxd3 Qxe1+ 23. Rxe1 Bxd3) 22. Qa5 (22. Nc5 $142) 22... Bh6 23. Rc4 (23. Rc5 $16) 23... Rxd3 $11 (23... Bxd3 $2 24. Rxd4 Qxd4 25. Bh3 $18) 24. Qc5 Qd8 ({Better is} 24... Rd8 $11) 25. Be4 {[%emt 0:05:14] White has more active pieces.} ({Reject} 25. Bxc6 Bf8 26. Qxa7 Rd1 $11) (25. Qxa7 $5 Rd1 26. Rf1 $14) 25... Rd1 26. Rxd1 Qxd1+ 27. Kg2 Bf8 ({Black should play} 27... Bxe4+ $14 28. Rxe4 Qd5) 28. Qd4 (28. Qxa7 $16 {Black must now prevent Bxf5.} Be6 29. Bf3 (29. Rxc6 $2 Bd5 $19)) 28... Qxd4 29. Rxd4 {[%emt 0:00:14] With the idea Bxf5.} Be6 30. Rd2 Be7 31. Rc2 Kf7 32. Rxc6 Rxc6 33. Bxc6 $14 {[%emt 0:00:01][%mdl 4096] Endgame KBB-KBN} Bb4 34. Nb2 Ke7 35. Kf3 Kd6 36. Bb5 (36. Nd3 $5 ) 36... Kc5 37. Bc4 Bxc4 38. Nxc4 $11 {[%emt 0:00:02] KB-KN} Kd4 39. Ke2 Kc3 40. Ne3 {[%emt 0:01:49] The position is equal.} Kb2 41. Nd5 Bd6 42. Kd3 {[%emt 0:01:13] [#] Threatens to win with Kc4.} (42. Nxf6 Kxa2 43. Nxh7 Kxb3 $17) 42... Kxa2 43. Kc2 (43. Nxf6 Kxb3 44. Ng4 a5 $17) 43... f5 44. Nc3+ Ka1 45. Nb5 {[%emt 0:01:20] Weighted Error Value: White=0.17 (very precise) /Black=0.17 (very precise)} 1/2-1/2

[Event "XIII Marques de Pombal 2022"]
[Site "Pombal"]
[Date "2022.10.07"]
[Round "5.4"]
[White "Figueiredo, Mario Jose da Rocha"]
[Black "Ferreira, Hugo Miguel Da Costa"]
[Result "0-1"]
[ECO "E11"]
[WhiteElo "1842"]
[BlackElo "2101"]
[Annotator "TA"]
[PlyCount "68"]
[EventDate "2022.09.28"]
[EventType "swiss"]
[EventCountry "POR"]
[SourceTitle "playchess.com"]
[Source "ChessBase"]
[SourceQuality "1"]
[TimeControl "5400+30"]

1. d4 Nf6 2. Nf3 e6 3. c4 Bb4+ 4. Nbd2 O-O 5. a3 Bxd2+ 6. Nxd2 d5 7. e3 b6 8. Bd3 Bb7 9. O-O Nbd7 {[%emt 0:01:11] E14: Queen's Indian: Classical Variation (4 e3).} 10. Nf3 {[%emt 0:07:54] [#]} (10. b4 $14) 10... c5 $146 ({Predecessor:} 10... Qe7 11. cxd5 exd5 12. b3 Ne4 13. Bb2 f5 14. Rc1 c6 15. Ne5 Nxe5 16. dxe5 c5 17. Qc2 {½-½ (49) Dudas,P (2257)-Dobai,S (2179) Hungary 2013}) 11. b3 cxd4 {[%emt 0:01:16] The position is equal.} 12. exd4 Rc8 13. Bb2 Qc7 14. Re1 (14. Rc1 {is more complex.} Qf4 15. Nd2 Ng4 16. g3) 14... Rfd8 15. Qe2 dxc4 16. bxc4 Qc6 17. Qf1 (17. a4 $5 ) 17... Qd6 18. Ne5 Nf8 19. Rad1 Nh5 20. f4 f6 21. g4 (21. Be2 $11) 21... fxe5 $17 22. fxe5 Qe7 ({But not} 22... Qc6 23. Be4 Qc7 24. Bxb7 (24. gxh5 Bxe4 25. Rxe4 Qxc4 $11) 24... Qxb7 25. gxh5 $16) 23. gxh5 {[%emt 0:08:18][%mdl 8192] This costs White the game.} (23. Be4 $17 Bxe4 24. Rxe4) 23... Qg5+ $19 {[%emt 0:00:32] Black is clearly winning.} 24. Kf2 Rc7 {[%emt 0:06:37] [#] And now ...Rf7+ would win.} 25. Qh3 Rf7+ 26. Ke2 Bf3+ 27. Qxf3 Rxf3 28. Kxf3 {[%emt 0:00:04] [#]} Ng6 $1 {[%emt 0:04:00][%mdl 576] ( -> ...Rf8+). Clearance} 29. Bxg6 (29. Ke2 Qg2+) 29... Rf8+ 30. Ke2 Qg2+ {[%emt 0:00:31][%mdl 64] Skewer, Double Attack} 31. Kd3 Qxb2 32. Rf1 {[%emt 0:02:50] Inhibits Rf3+.} Rxf1 33. Rxf1 hxg6 34. hxg6 Qb3+ {[%emt 0:00:13] Weighted Error Value: White=0.60/Black=0.25 (precise)} 0-1

[Event "XIII Marques de Pombal 2022"]
[Site "Pombal"]
[Date "2022.10.07"]
[Round "5.5"]
[White "Veleirinho, Tomas Carvalho"]
[Black "Goncalves, Lucas Jordao"]
[Result "0-1"]
[ECO "C50"]
[WhiteElo "1692"]
[BlackElo "1849"]
[Annotator "NA RC COMBH"]
[PlyCount "64"]
[EventDate "2022.09.28"]
[EventType "swiss"]
[EventCountry "POR"]
[SourceTitle "playchess.com"]
[Source "ChessBase"]
[SourceQuality "1"]
[TimeControl "5400+30"]

1. e4 e5 2. Nf3 Nc6 3. Bc4 Bc5 4. O-O Nf6 5. d3 d6 6. c3 O-O 7. h3 {7.Nbd2 is the recent fashion.} Be6 8. Bb3 Bb6 9. Re1 Qd7 10. Be3 {[#]} Ne7 $146 ({Predecessor:} 10... Kh8 11. Nbd2 Ne8 12. d4 Bxb3 13. Nxb3 exd4 14. Nbxd4 Nf6 15. Bg5 Rae8 16. Bxf6 gxf6 {1-0 (28) Zecirovic,G (1806)-Dueck,M (1483) Lugano 2020}) 11. Nbd2 Ng6 12. Nf1 Nf4 13. Bxf4 exf4 14. Bc2 Kh8 15. d4 Bxh3 16. gxh3 Qxh3 17. N3h2 g5 18. Qf3 Qh4 19. e5 dxe5 20. Rxe5 Rg8 21. Kh1 c6 22. Re7 Rg7 23. Rae1 Rag8 24. Bb3 Rf8 25. Rxb7 c5 26. Ree7 (26. Qc6 $142 Qxf2 27. Ree7 (27. Qxf6 Qxe1 28. Re7 Qf2 $14)) 26... cxd4 27. Rxb6 $2 axb6 28. cxd4 g4 (28... Qh6 $1 $15 {was preferrable.} 29. Qe2 g4) 29. Qxf4 {[#]} Nh5 {[#]} (29... Nd5 $1 $15 {stays ahead.} 30. Bxd5 Qxe7) 30. Qe5 (30. Qe3 $1 $16) 30... Qxf2 31. Qxh5 (31. Re8 $11 Rxe8 32. Qxe8+ Rg8 33. Qxf7) 31... g3 32. Ne3 g2+ 0-1

[Event "XIII Marques de Pombal 2022"]
[Site "Pombal"]
[Date "2022.10.07"]
[Round "5.6"]
[White "Almeida, Marta Dias"]
[Black "Goncalves, Samuel Jesus Pereira"]
[Result "0-1"]
[ECO "A57"]
[WhiteElo "1347"]
[BlackElo "2072"]
[Annotator "TA"]
[PlyCount "88"]
[EventDate "2022.09.28"]
[EventType "swiss"]
[EventCountry "POR"]
[SourceTitle "playchess.com"]
[Source "ChessBase"]
[SourceQuality "1"]
[TimeControl "5400+30"]

1. d4 c5 2. d5 Nf6 3. c4 b5 4. e3 bxc4 5. Bxc4 d6 6. Nc3 {[%emt 0:01:35] A57: Benko/Volga Gambit.} g6 7. Nf3 {[%emt 0:00:44] 7.Nf3 scores better than 7.Nge2.} Bg7 8. O-O {[%emt 0:01:15] White is slightly better.} O-O 9. Re1 Nbd7 10. Qc2 (10. Be2 $11) 10... Nb6 $15 11. Qe2 {[%emt 0:05:17] [#]} Nxc4 $146 ({Predecessor:} 11... Bg4 12. e4 Nfd7 13. Bd3 Ne5 14. Bf4 c4 15. Bc2 Nbd7 16. h3 Nxf3+ 17. gxf3 Bh5 {1-0 (73) Mujic,S (1940)-Cursoux,G (2130) Loire 2003}) 12. Qxc4 Rb8 13. e4 Nd7 14. Rb1 (14. Nd1 $15) 14... Qa5 $1 $36 {[%emt 0:14:41][%mdl 2048] ...Ba6 is the strong threat. White is under strong pressure.} 15. Bd2 Ba6 16. Qa4 Qxa4 17. Nxa4 Nb6 ({Black should try} 17... Bb5 $1 18. b3 c4) 18. Nxb6 Rxb6 19. Bc3 {[%emt 0:11:57] This costs White the game.} (19. b3 $1 $15) 19... Bxc3 $1 $19 20. bxc3 Rfb8 $1 21. Rxb6 Rxb6 {[%emt 0:00:06][%mdl 4096] Endgame KRB-KRN} 22. e5 {[%emt 0:01:07] [#]} Bc4 $1 23. exd6 exd6 24. Nd2 Bxd5 25. c4 Rb2 26. Rd1 Be6 27. Ne4 Bxc4 28. Nxd6 Bxa2 {[%emt 0:00:08] Hoping for ...a5.} 29. h3 $2 (29. Ne4 {was worth a try.}) 29... Rb1 30. Rxb1 Bxb1 {[%emt 0:00:03] KB-KN} 31. Kf1 Bd3+ 32. Ke1 c4 33. Kd2 Bf1 34. g3 Bxh3 35. Nxc4 Be6 36. Ne3 (36. Na5) 36... h5 37. Kc3 a5 {[%emt 0:00:19][%cal Ba7a5,Ba5a4][%mdl 32] White must now prevent ...g5.} 38. Nc2 Kg7 {[%emt 0:00:32] And now ...g5 would win.} 39. Kd4 Kf6 40. f3 g5 41. Ke3 a4 42. Na3 h4 {[%emt 0:00:34] Threatens to win with ...h3.} 43. gxh4 gxh4 {[%emt 0:00:06] ( -> ...Kg5)} 44. Kf2 Ke5 {[%emt 0:00:11] Weighted Error Value: White=0.77/Black=0.30} (44... Kf5 $142 45. Kg1 Kf4 46. Kg2 h3+ 47. Kh2 Kxf3 48. Nc2 Kf4 49. Na3 Kg4 50. Nc2 Bb3 51. Nd4 {[#]} a3 $1 52. Nxb3 a2 53. Kg1 Kg3 54. Kf1 h2 55. Ke1 h1=Q+ 56. Kd2 f5 57. Kd3 f4 58. Kd4 f3 59. Ke3 f2 60. Kd4 f1=Q 61. Nd2 Qf4+ 62. Kc5 Qc1+ 63. Kd5 Qf5+ 64. Kd6 Qcc5#) 0-1

[Event "XIII Marques de Pombal 2022"]
[Site "Pombal"]
[Date "2022.10.07"]
[Round "5.7"]
[White "Dias, Jose de Oliveira Gas"]
[Black "Morais, Vitor Mestre"]
[Result "1/2-1/2"]
[ECO "B21"]
[WhiteElo "1397"]
[BlackElo "1802"]
[Annotator "NA RC COMBH"]
[PlyCount "76"]
[EventDate "2022.09.28"]
[EventType "swiss"]
[EventCountry "POR"]
[SourceTitle "playchess.com"]
[Source "ChessBase"]
[SourceQuality "1"]
[TimeControl "5400+30"]

1. e4 c5 2. d4 cxd4 3. c3 d3 4. Bxd3 Nc6 5. f4 d6 6. Be3 Nf6 7. h3 e6 8. Nf3 Be7 9. Nbd2 O-O 10. g4 Nd7 11. Bf2 Nc5 12. Bc2 b6 13. b4 Nd7 14. a4 Bb7 15. Nc4 Qc7 16. Qd3 g6 17. O-O-O d5 18. exd5 exd5 19. Nce5 Ncxe5 20. Nxe5 Nxe5 21. fxe5 d4 22. Bxd4 Bxh1 23. Rxh1 Rfd8 24. Re1 Rac8 25. Re4 Bf8 26. g5 Bg7 27. Qe3 Qe7 28. h4 Rc6 29. Kb2 Re8 30. Bb3 Qd7 31. Rf4 Re7 32. Qf3 Rc7 33. h5 gxh5 34. Qxh5 Qe8 35. Rh4 Rxe5 36. Qxh7+ Kf8 37. g6 Re2+ 38. Ka3 Re5 1/2-1/2

[Event "XIII Marques de Pombal 2022"]
[Site "Pombal"]
[Date "2022.10.08"]
[Round "5.8"]
[White "Cruz, Joao De Sousa Da"]
[Black "Gomes, Micael"]
[Result "0-1"]
[ECO "B13"]
[WhiteElo "1321"]
[BlackElo "1516"]
[Annotator "NA RC COMBH"]
[PlyCount "86"]
[EventDate "2022.09.28"]
[EventType "swiss"]
[EventCountry "POR"]
[SourceTitle "playchess.com"]
[Source "ChessBase"]
[SourceQuality "1"]
[TimeControl "5400+30"]

1. e4 c6 2. d4 d5 3. exd5 cxd5 4. Nf3 Nc6 5. c3 Bf5 6. Bd3 Bxd3 7. Qxd3 e6 8. O-O Bd6 9. Re1 Nge7 10. Bg5 O-O 11. Bxe7 Nxe7 12. Nbd2 Rc8 13. Re2 Ng6 14. g3 Qb6 15. Rb1 Qa5 16. Ra1 b5 17. Nb3 Qa4 18. Qd1 b4 19. cxb4 Qxb4 20. Qd2 Qb5 21. Qd1 a5 22. Rc1 a4 23. Rxc8 Rxc8 24. Nc5 Ra8 25. Rc2 Ne7 26. Qe2 Qb4 27. Qd2 Qb6 28. Nd7 Qa7 29. Nfe5 f6 30. Nc6 Qxd7 31. Nxe7+ Qxe7 32. Rc6 Ra7 33. Rc8+ Kf7 34. Rh8 Kg6 35. Qd3+ f5 36. h4 Rc7 37. h5+ Kf7 38. h6 Qg5 39. hxg7 Qxg7 40. Rd8 Qh6 41. Qe3 Rc1+ 42. Kg2 Rb1 43. Qc1 Rxc1 0-1

[Event "XIII Marques de Pombal 2022"]
[Site "Pombal"]
[Date "2022.10.08"]
[Round "6.1"]
[White "Khamrakulov, Ibragim S."]
[Black "Ferreira, Hugo Miguel Da Costa"]
[Result "1/2-1/2"]
[ECO "B22"]
[WhiteElo "2421"]
[BlackElo "2101"]
[Annotator "TA"]
[PlyCount "27"]
[EventDate "2022.09.28"]
[EventType "swiss"]
[EventCountry "POR"]
[SourceTitle "playchess.com"]
[Source "ChessBase"]
[SourceQuality "1"]
[TimeControl "5400+30"]

1. e4 c5 2. c3 e6 3. Nf3 Nf6 4. e5 Nd5 5. Bc4 Nc6 6. O-O d6 7. d4 cxd4 8. cxd4 Be7 9. Qe2 O-O 10. Qe4 {[%emt 0:00:27] Recently 10.Rd1 got a lot of attention.} Ndb4 {[%emt 0:06:46] [#] And now ...d5 would win.} 11. exd6 {[%emt 0:01:15] B22: Sicilian: 2 c3.} Qxd6 12. Bf4 Qd8 13. a3 {[%emt 0:01:33] [#]} (13. Nc3 $14) 13... Na5 $146 ({Predecessor:} 13... Nd5 14. Bd2 a6 15. Nc3 Nf6 16. Qd3 b5 17. Ba2 Bb7 18. Rad1 b4 19. Ne4 bxa3 {0-1 (40) Schneider,V (2094)-Stojanovic,A (2170) Budva 2003}) 14. Bb5 {[%emt 0:34:58] White got outplayed after the opening.  Weighted Error Value: White=0.16 (very precise) /Black=0.09 (flawless)} ({White should try} 14. Bd3 $11 f5 15. Qe2) 1/2-1/2

[Event "XIII Marques de Pombal 2022"]
[Site "Pombal"]
[Date "2022.10.09"]
[Round "6.2"]
[White "Farias, David Nuno M E"]
[Black "Goncalves, Lucas Jordao"]
[Result "1/2-1/2"]
[ECO "C97"]
[WhiteElo "1863"]
[BlackElo "1849"]
[Annotator "NA RC COMBH"]
[PlyCount "96"]
[EventDate "2022.09.28"]
[EventType "swiss"]
[EventCountry "POR"]
[SourceTitle "playchess.com"]
[Source "ChessBase"]
[SourceQuality "1"]
[TimeControl "5400+30"]

1. e4 e5 2. Nf3 Nc6 3. Bb5 a6 4. Ba4 Nf6 5. O-O Be7 6. Re1 b5 7. Bb3 d6 8. c3 Na5 9. Bc2 c5 10. d4 Qc7 11. h3 O-O 12. Nbd2 Bd7 13. Nf1 cxd4 14. cxd4 Rac8 15. Bd3 Nc6 16. Bb1 a5 17. Ne3 (17. Be3 $14 {might be stronger.}) 17... Qa7 18. d5 Nb4 (18... Nd8 $11 {is superior.}) 19. Bd2 Na6 20. Nf5 (20. Bxa5 $14 Nc5 21. Bb4) 20... Bxf5 21. exf5 Nxd5 (21... Nc7 $15) 22. Bxa5 Nf6 23. g4 (23. a3 $11) 23... e4 ({Black should try} 23... h6 $15) 24. Nd4 (24. Bxe4 $14 Nxe4 25. Rxe4) 24... Rc4 $2 (24... d5 $17 25. Nb3 h6) 25. Nxb5 Qc5 (25... Qb8 $1 $11 {keeps the balance.} 26. a4 d5) 26. a4 e3 27. fxe3 Nd5 {[%emt 0:00:26] [#]} 28. Kh1 $2 ({White should try} 28. Bd2 $1 $16 Bg5 29. Qf3) 28... Bh4 $1 29. Rg1 $11 Re8 30. e4 Qe3 31. Ra3 Nc3 32. Qf1 Bf2 33. Rxc3 Rxc3 34. Bxc3 Bxg1 35. Bd4 Qb3 36. Bxg1 Qxa4 37. Nxd6 Rb8 38. Qc4 Qd1 39. Qd3 Qc1 40. Ba2 Qf4 41. Nxf7 Nb4 42. Ne5+ Kh8 43. Nf7+ Kg8 44. Qc4 Qf3+ 45. Kh2 Nd5 46. Bd4 Rxb2+ 47. Bxb2 Qf2+ 48. Kh1 Qe1+ 1/2-1/2

[Event "XIII Marques de Pombal 2022"]
[Site "Pombal"]
[Date "2022.10.09"]
[Round "6.3"]
[White "Padeiro, Jose Joao Tato"]
[Black "Povshednyi, Ivan"]
[Result "1/2-1/2"]
[ECO "A06"]
[WhiteElo "2215"]
[BlackElo "2140"]
[Annotator "TA"]
[PlyCount "88"]
[EventDate "2022.09.28"]
[EventType "swiss"]
[EventCountry "POR"]
[SourceTitle "playchess.com"]
[Source "ChessBase"]
[SourceQuality "1"]
[TimeControl "5400+30"]

1. Nf3 d5 2. c4 e6 3. b3 Nf6 4. Bb2 c5 5. e3 Nc6 6. cxd5 exd5 7. Bb5 Bd6 8. O-O O-O {[%emt 0:00:09] A13: English Opening: 1...e6.} 9. d4 cxd4 10. Nxd4 Bc7 {[%emt 0:00:15] The position is equal.} 11. Nc3 Qd6 12. g3 a6 13. Be2 Bh3 14. Re1 Rfe8 15. Rc1 Ba5 16. a3 Bxc3 17. Rxc3 Ne4 18. Rc2 {[%emt 0:00:40] [#]} Qh6 $146 {[%emt 0:11:13][%cal Oe4f2] aiming for ...Nxf2!} ({But not} 18... Qf6 19. f3 Qh6 20. fxe4 $16) ({Predecessor:} 18... Ne5 19. Bf1 Qh6 20. Bxh3 Qxh3 21. f3 Nd6 22. Rd2 h5 {1-0 (66) Barle,J (2455)-Gostisa,L (2410) Slovenia 1992}) 19. Nxc6 bxc6 20. Qd4 {[%emt 0:09:36][%cal Oc2c6] Hoping for Rxc6!} c5 $40 {[%emt 0:31:06][%mdl 128] Black has some attack.} 21. Rxc5 (21. Qxd5 $5 Nxf2 22. Rxc5 $14) 21... Nxc5 22. Qxc5 Rac8 23. Qd4 Bf5 {[%emt 0:05:01] [#]} 24. Bf3 {[%emt 0:19:56] This bishop pair is nice.} ({Better is} 24. Bxa6 $1 $14 Rc2 25. Be2) 24... Be4 $11 25. Bxe4 (25. Be2 $11 {remains equal.}) 25... dxe4 $17 26. Rd1 Qg6 27. Qd7 {[%emt 0:14:17] [#]} (27. Rd2 $17) 27... Qe6 $1 $19 28. Qxe6 Rxe6 $17 {[%emt 0:00:09][%mdl 4096] Endgame KRR-KRB} 29. Rd5 h6 30. Kg2 Rc2 31. Bd4 Ra2 32. a4 Ra3 33. h4 (33. Rd8+ $17 Kh7 34. Rb8) 33... Rxb3 $19 34. h5 Rd3 35. g4 Kh7 36. Rd7 {[%emt 0:01:22] [#]} f6 37. a5 Rd2 38. Ra7 (38. Rb7 {was worth a try.}) 38... Rc6 (38... Ra2 $19 {is more deadly.} 39. Bb6 Rc6) 39. Kg3 $17 {[%emt 0:00:12] Black is clearly better.} Ra2 40. Re7 Rxa5 41. Rxe4 Rc8 {[%emt 0:00:57] White must now prevent ...Kg8.} 42. Re7 Kg8 {[%emt 0:00:20] Strongly threatening ...Ra8.} 43. Ra7 {[%emt 0:00:33] Inhibits Ra8.} Ra2 44. f4 Rd8 {[%emt 0:00:33] Weighted Error Value: White=0.18 (very precise) /Black=0.12 (very precise)} ({Black should play} 44... Rc1 $17 45. Kf3 Rg1 46. Ra8+ Kh7) 1/2-1/2

[Event "XIII Marques de Pombal 2022"]
[Site "Pombal"]
[Date "2022.10.09"]
[Round "6.4"]
[White "Goncalves, Samuel Jesus Pereira"]
[Black "Paiva, Manuel Maria Fonseca"]
[Result "0-1"]
[ECO "A48"]
[WhiteElo "2072"]
[BlackElo "1451"]
[Annotator "TA"]
[PlyCount "110"]
[EventDate "2022.09.28"]
[EventType "swiss"]
[EventCountry "POR"]
[SourceTitle "playchess.com"]
[Source "ChessBase"]
[SourceQuality "1"]
[TimeControl "5400+30"]

1. d4 Nf6 2. Nf3 g6 3. Nc3 d5 4. Bf4 Bg7 5. Nb5 Na6 6. e3 {[%emt 0:00:37] D00: 1 d4 d5: Unusual lines.} Ne4 {[%emt 0:11:16] [#]} 7. Be2 $146 ({Predecessor:} 7. Bd3 c6 8. Nc3 Nxc3 9. bxc3 Qa5 10. Qd2 c5 11. O-O O-O 12. Rfb1 c4 13. Be2 {1-0 (50) Martirosyan,H (2617)-Jones,G (2670) Chess.com INT 2020}) 7... c6 8. Na3 {[%emt 0:02:01] The position is equal.} Qa5+ 9. c3 O-O (9... Nxc3 $2 10. Qd2 $18) 10. Qb3 Qb6 11. Nb1 Bg4 12. Nbd2 Nxd2 13. Kxd2 c5 14. Qxb6 axb6 15. h3 Bxf3 (15... Bd7 $11) 16. Bxf3 $16 (16. gxf3 cxd4 17. exd4 Rfc8 $11) 16... e6 17. Be2 Rfc8 18. Rhb1 Nb8 19. b4 c4 20. a4 Nc6 21. Ra3 Ra7 22. Rba1 Rca8 23. e4 dxe4 24. Be3 (24. Bxc4 $14 Rc8 25. Bb5) 24... Ne7 (24... b5 25. d5 Nd4 26. cxd4 $16 (26. Bxd4 Bxd4 27. cxd4 exd5 $16)) 25. Bxc4 Nd5 (25... Rc8 $5 26. Ba2 Ra6 $11) 26. Be2 f5 {[%emt 0:01:34][%cal Bf7f5,Bf5f4][%mdl 32] Threatens to win with ...f4.} 27. f3 $2 (27. Ke1 $11) 27... f4 $19 28. Bg1 e3+ 29. Kd3 Rc8 30. Rb1 $2 (30. g3) 30... b5 31. a5 e5 32. Rbb3 $2 (32. Ke4 Rxc3 33. Rbb3 Nf6+ 34. Kxe5 Nh5+ 35. Kd5 Nf6+ 36. Ke5 Nh5+ 37. Kd5) 32... exd4 33. g3 dxc3 {[%emt 0:00:51] ( -> ...c2)} 34. Bd1 Nxb4+ 35. Rxb4 Bf8 $2 ({Black should try} 35... Rd8+ $19 36. Ke2 Rd2+ 37. Ke1 c2 38. Bxc2 Rxc2 39. Rxb5 Bc3+ 40. Kd1 e2+ 41. Kxc2 e1=Q 42. Bxa7 Qd2+ 43. Kb3 Bb2) 36. Rxc3 $11 Rd8+ ({But not} 36... Rxc3+ 37. Kxc3 Bc5 38. Bb3+ (38. Rxb5 e2 $14) 38... Kg7 39. Re4 (39. Rxb5 e2 $11) 39... fxg3 40. Bxe3 b4+ 41. Kd2 Bxe3+ 42. Kxe3 $16) 37. Rd4 Rxd4+ 38. Kxd4 Bg7+ 39. Kd3 Bxc3 40. Kxc3 Rxa5 {[%emt 0:00:43] aiming for ...Ra1.} 41. gxf4 Ra1 42. Bb3+ Kg7 43. Bxe3 Rh1 44. Bd4+ Kf8 45. Bd5 Rxh3 46. Bxb7 h5 47. Kd3 Rh1 48. Ke3 h4 49. Bc6 $2 (49. Kf2 $11 {and White stays safe.}) 49... Rc1 $2 ({Black should play} 49... h3 $19 50. Bc5+ Kg7 51. Bd4+ Kh6) 50. Bd7 $15 ({Not} 50. Bxb5 $2 h3 51. Kd2 h2 52. Kxc1 h1=Q+ 53. Kd2 Qxf3 54. Bc5+ Kg7 55. Bd4+ Kf7 56. Bc4+ Ke7 57. Bc5+ Kf6 $19) 50... b4 {[%emt 0:01:13][%mdl 1024] Hoping for ...b3. Black has compensation.} 51. f5 $2 {[%emt 0:00:48][%mdl 8192] [#]} (51. Kd2 $15 Rh1 52. f5 (52. Bc5+ Kg7 $17)) 51... Ke7 $1 $19 {[%emt 0:01:11][%mdl 64] Deflection} 52. Ba4 gxf5 $2 (52... h3 {And now ...h2 would win.} 53. f6+ Kf8) 53. Kf4 $2 (53. Kf2) 53... Rc4 54. Ke3 f4+ 55. Kd3 {[%emt 0:00:26] [#]} Rxd4+ $1 {[%emt 0:00:12][%mdl 512] Weighted Error Value: White=1.03/Black=0.65} 0-1

[Event "XIII Marques de Pombal 2022"]
[Site "Pombal"]
[Date "2022.10.08"]
[Round "6.5"]
[White "Gomes, Micael"]
[Black "Cruz, Joao De Sousa Da"]
[Result "*"]
[WhiteElo "1516"]
[BlackElo "1321"]
[Annotator "NA RC COMBH"]
[PlyCount "35"]
[EventDate "2022.09.28"]
[EventType "swiss"]
[EventCountry "POR"]
[SourceTitle "playchess.com"]
[Source "ChessBase"]
[SourceQuality "1"]
[TimeControl "5400+30"]

1. e4 c5 2. Nf3 d6 3. d4 cxd4 4. Nxd4 Nf6 5. Nc3 a6 6. Bg5 e6 7. Bd3 Be7 8. f4 Nc6 9. Nxc6 bxc6 10. Qf3 d5 11. e5 Nd7 12. Bxe7 Qxe7 13. O-O Nc5 14. Qg4 g6 15. Kh1 Rb8 16. Rab1 a5 17. Qe2 h5 18. Nd1 *